 Dungeon Crawl Stone Soup version 0.24-a0-84-g25a2d9f (webtiles) character file.

Game seed: 14445545070418147353

40 Kairos the Skirmisher (level 3, 0/40 HPs)
             Began as an Ogre Fighter on Feb 7, 2019.
             Slain by Terence
             ... wielding a +0 flail
              (11 damage)
             ... on level 2 of the Dungeon.
             The game lasted 00:00:58 (690 turns).

Kairos the Skirmisher (Ogre Fighter)                 Turns: 690, Time: 00:00:59

Health: 0/40       AC:  4    Str: 21    XL:     3   Next: 50%
Magic:  3/3        EV:  8    Int:  9    God:
Gold:   56         SH:  8    Dex:  8    Spells: 2/2 levels left

rFire    . . .     SeeInvis .   a - +0 war axe
rCold    . . .     Gourm    .   c - +0 shield
rNeg     . . .     Faith    .   b - +0 robe
rPois    .         Spirit   .   (helmet restricted)
rElec    .         Reflect  .   g - +0 cloak
rCorr    .         Harm     .   (gloves unavailable)
MR       .....                  (boots unavailable)
Stlth    +.........             (no amulet)
HPRegen  0.13/turn              (no ring)
MPRegen  0.08/turn              (no ring)

@: lethally poisoned (0 -> -1)
A: large, unfitting armour, tough skin 1
a: no special abilities


You were on level 2 of the Dungeon.
You were not hungry.

You visited 1 branch of the dungeon, and saw 2 of its levels.

You collected 56 gold pieces.

Inventory:

Hand Weapons
 a - a +0 war axe (weapon)
Armour
 b - a +0 robe (worn)
 c - a +0 shield (worn)
 g - a +0 cloak (worn)
Scrolls
 e - a scroll of amnesia {unknown}
 h - a scroll of fog {unknown}
 i - a scroll of fear {unknown}
Potions
 d - a potion of might
 j - a potion of cancellation {unknown}
Comestibles
 f - a ration


   Skills:
 + Level 4.3 Fighting
 + Level 2.8 Axes
 + Level 3.0 Dodging
 + Level 3.0 Shields


You had 2 spell levels left.
You didn't know any spells.
Your spell library was empty.

Dungeon Overview and Level Annotations

Branches:
Dungeon (2/15)

Altars:

Annotations:
D:2 Terence


Innate Abilities, Weirdness & Mutations

You are too large for most types of armour.
You have tough skin. (AC +1)


Message History

You feel sick. You block Terence's attack.
A rat comes into view.
You hit Terence.
Terence is moderately wounded.
Terence says, "Don't bother to defend, it's senseless."
You block Terence's attack.
You hit Terence but do no damage.
Terence is moderately wounded.
Terence hits you with a +0 flail.
* * * LOW HITPOINT WARNING * * *
You block Terence's attack.
You completely miss Terence.
Terence is moderately wounded.
You feel sick. You block Terence's attack.
You slash Terence!
Terence is severely wounded.
You closely miss the rat. You block the rat's attack.
Terence says, "How do you enjoy it?" Terence hits you with a +0 flail!
You die...

#..#.##
####.#####.
#..#..########.#
#.
#..............#
#.
####.##.##########
#. .........# #.
####.#...# #. #
#...# #.
##.#...### #.
#..r@....# #.
#...#@..##.# ##
#.#.....# .# ....
# ####..# # ####
#... #.### #.# ..#


You could see Terence and a rat.

Vanquished Creatures
  An adder (D:2)
  An ooze (D:2)
  A dart slug (D:1)
  A bat (D:1)
  2 giant cockroaches (D:1)
  5 goblins
  2 hobgoblins (D:1)
  A frilled lizard (D:1)
  8 kobolds
  4 rats (D:1)
  A plant (D:1)
27 creatures vanquished.

Notes
Turn   | Place    | Note
-------+----------+-------------------------------------------
     0 | D:1      | Kairos the Ogre Fighter began the quest for the Orb.
     0 | D:1      | Reached XP level 1. HP: 24/24 MP: 1/1
    92 | D:1      | Reached XP level 2. HP: 30/32 MP: 2/2
   547 | D:1      | Reached XP level 3. HP: 39/39 MP: 3/3
   683 | D:2      | Noticed Terence
   690 | D:2      | Slain by Terence

Levels and vault maps discovered:

Skill      XL: |  1  2 |
---------------+-------+-----
Shields        | 3 |  3.0
Dodging        | 3 |  3.0
Fighting       | |  4.3
Axes           | |  2.8

Action                   || total
-------------------------++-------
Melee: War axe           ||    88
Armor: Robe              ||    18
Dodge: Dodged            ||    29
Block: Shield            ||    36

Table legend:
 A = Non-vault XP
 B = Vault XP
 C = Vault XP percentage of total XP
 D = Non-vault monster count
 E = Vault monster count
 F = Vault count percentage of total count
                 A         B        C        D         E       F
            +---------+---------+-------+---------+---------+-------
      Total |      49 |       9 |  15.5 |      18 |       8 |  30.8
            +---------+---------+-------+---------+---------+-------
        D:1 |      25 |       9 |  26.5 |      14 |       8 |  36.4
        D:2 |      24 |       0 |   0.0 |       4 |       0 |   0.0
            +---------+---------+-------+---------+---------+-------
